 Dungeon Crawl Stone Soup version 0.27-a0-1287-gca74d27db6 (webtiles) character file.

Game seed: 1105531212836116643

443 bande the Chopper (level 7, -5/43 HPs)
             Began as a Gargoyle Fighter on June 14, 2021.
             Killed from afar by an orc wizard (6 damage)
             ... with a puff of flame
             ... on level 4 of the Dungeon.
             The game lasted 00:09:59 (5490 turns).

bande the Chopper (Gargoyle Fighter)                Turns: 5490, Time: 00:10:01

Health: -5/43      AC: 15    Str: 19 (21) XL:     7   Next: 2%
Magic:  7/7        EV:  5    Int:  7 (8)  God:
Gold:   246        SH: 10    Dex:  7 (10) Spells: 6/6 levels left

rFire    . . .     SeeInvis .   a - +0 war axe (vorpal)
rCold    . . .     Faith    .   c - +1 kite shield
rNeg     + . .     Spirit   .   i - +0 chain mail
rPois    ∞         Reflect  .   g - +0 helmet
rElec    +         Harm     .   (no cloak)
rCorr    .         Rampage  .   (no gloves)
Will     .....                  (no boots)
Stlth    ..........             (no amulet)
HPRegen  0.14/turn              (no ring)
MPRegen  0.10/turn              (no ring)

@: no status effects
A: sickness immunity, AC +4, negative energy resistance 1, electricity
resistance, torment resistance 1, petrification resistance
a: no special abilities


You were on level 4 of the Dungeon.
You visited 2 branches of the dungeon, and saw 6 of its levels.

You collected 246 gold pieces.

Inventory:

Hand Weapons
 a - a +0 vorpal war axe (weapon)
 t - a +0 flail
Missiles
 e - a throwing net (quivered)
Armour
 c - a +1 kite shield (worn)
 f - a +0 tower shield
 g - a +0 helmet (worn)
 i - a +0 chain mail (worn)
Jewellery
 o - a ring of poison resistance
Scrolls
 h - a scroll of summoning
 k - a scroll of teleportation
 s - a scroll of identify
 u - a scroll of vulnerability {unknown}
Potions
 b - 2 potions of brilliance
 d - a potion of invisibility
 j - a potion of berserk rage
 l - a potion of flight
 p - a potion of curing
 r - a potion of resistance


   Skills:
 + Level 4.2 Fighting
 + Level 4.7 Axes
 + Level 4.2 Armour
 + Level 1.4 Dodging
 + Level 4.6 Shields


You had 6 spell levels left.
You didn't know any spells.
Your spell library contained the following spells:

 Spells                   Type           Power      Damage    Failure   Level
 Animate Skeleton         Necr           0%         N/A       100%        1
 Apportation              Tloc           0%         N/A       100%        1
 Corona                   Hex            0%         N/A       100%        1
 Summon Small Mammal      Summ           0%         N/A       100%        1


Dungeon Overview and Level Annotations

Branches:
Dungeon (5/15)             Temple (1/1) D:4

Altars:
Ashenzari
Cheibriados
Fedhas
Gozag
Hepliaklqana
Makhleb
Nemelex Xobeh
Qazlal
Trog
Uskayaw
Xom

Shops:
D:3 =


Innate Abilities, Weirdness & Mutations

You are immune to sickness and miasma.
Your stone body is resilient. (AC +4)
You are immune to poison.
You resist negative energy. (rN+)
You are resistant to electric shocks. (rElec)
You are resistant to unholy torment.
You are immune to petrification.


Message History

The puff of flame hits you!
You bump into the rock wall.
Something hits you but does no damage.
You closely miss something.
You feel less confused. Something hits you but does no damage.
You closely miss something. Something hits you but does no damage.
You completely miss something.
Something hits you but does no damage. x2
You barely miss something. Something hits you but does no damage.
You miss something. Something hits you. You block something's attack.
You miss something. Something hits you but does no damage.
You closely miss something.
Something hits you but does no damage. x2
You closely miss something. Something hits you but does no damage.
You hit something.
Something hits you but does no damage. x2
You miss something.
You hear some strange, mumbled words.
You are confused.
You hear some strange, mumbled words.
Something tries to affect you, but you resist.
You bump into the rock wall.
Something hits you.
A magic dart appears from out of thin air!
The magic dart hits you.
You bump into the rock wall.
You completely miss something.
You hear some strange, mumbled words.
Something tries to affect you, but you resist.
Something hits you.
* * * LOW HITPOINT WARNING * * *
You feel less confused.
You hear some strange, mumbled words.
Something tries to affect you, but you resist.
An orc wizard appears from thin air!
Reactivating autopickup.
You barely miss the orc wizard.
The orc wizard is severely wounded.
The orc wizard gestures at you while chanting.
The magic dart hits you!
* * * LOW HITPOINT WARNING * * *
The orc wizard points at you and mumbles some strange words.
The puff of flame hits you.
You die...

#.....##..##..#....##..##
#.....'..........>.......
#.....#.......##....#....
#.....##..##.#..#....#..'
#.....##..##....#.#..#...
#......#.......#...##....
#......#[.......†........
######.....#>.....#..........
##...##....##@.##..#..........
#..........##o.##..#####......
#...........#...#...#..#......
#...........#...#...'..#......
#<.........##..##..#####......
#..........##..##..##..##.....
##...##..<.'...#....'...#.....
######....#...#....#...#.....
#.....##############.....


You could see an orc wizard.

Vanquished Creatures
  An ogre (D:4)
  2 orc priests (D:3)
  A hound (D:3)
  2 iguanas (D:4)
  An orc wizard (D:4)
  A hound skeleton (D:4)
  4 adders
  3 gnolls
  An adder skeleton (D:4)
  2 worms
  3 dart slugs
  6 orcs
  10 endoplasms
  3 giant cockroaches
  10 goblins
  5 hobgoblins
  10 jackals
  2 quokkas
  7 ball pythons
  5 bats
  6 frilled lizards
  8 kobolds
  2 rats (D:2)
95 creatures vanquished.

Vanquished Creatures (collateral kills)
  2 frilled lizards (D:2)
2 creatures vanquished.

Vanquished Creatures (others)
  A hound (D:4)
  2 ball pythons (D:4)
  An endoplasm (D:4)
  A giant cockroach (D:4)
  A goblin (D:4)
  A hobgoblin (D:4)
  7 plants (D:2)
14 creatures vanquished.

Grand Total: 111 creatures vanquished

Notes
Turn   | Place    | Note
-------+----------+-------------------------------------------
     0 | D:1      | bande the Gargoyle Fighter began the quest for the Orb.
     0 | D:1      | Reached XP level 1. HP: 14/14 MP: 1/1
   156 | D:1      | Reached XP level 2. HP: 18/19 MP: 2/2
   381 | D:1      | Reached XP level 3. HP: 23/23 MP: 3/3
   773 | D:1      | Found a faded altar of an unknown god.
  1220 | D:2      | Reached XP level 4. HP: 28/28 MP: 4/4
  1783 | D:2      | Found a hide-covered altar of Uskayaw.
  1885 | D:2      | Reached XP level 5. HP: 33/33 MP: 5/5
  2446 | D:3      | Reached skill level 1 in Dodging
  2762 | D:3      | Found a hide-covered altar of Uskayaw.
  2802 | D:3      | Found Laust's Jewellery Boutique.
  3227 | D:4      | Reached XP level 6. HP: 11/38 MP: 6/6
  4050 | D:4      | Found a staircase to the Ecumenical Temple.
  4071 | Temple   | Entered the Ecumenical Temple
  4661 | D:4      | Reached XP level 7. HP: 36/43 MP: 7/7
  5037 | D:4      | Found a shimmering altar of Xom.
  5193 | D:5      | Entered Level 5 of the Dungeon
  5490 | D:4      | HP: 1/43 [orc wizard/magic dart (11)]
  5490 | D:4      | Killed from afar by an orc wizard

Illustrated notes

Levels and vault maps discovered:
D:1:      lightli_molten_gateway, layout_basic, serial_forest,
          infiniplex_forest_straight_2, infiniplex_forest_straight_2,
          infiniplex_forest_clump_small, infiniplex_forest_straight_2,
          infiniplex_forest_end_2, infiniplex_forest_corner_1,
          infiniplex_forest_end_2, infiniplex_forest_clump_small,
          ebering_ecumenical_altar_abandoned
D:2:      cheibrodos_old_hovel, layout_basic, basic_altar, minivault_25
D:3:      layout_rooms, nicolae_uskayaw_dance_hall, serial_shops, shop,
          minmay_misc_feat_iff, grunt_ministairs_15
D:4:      layout_gridville, xom_confusion_cloud, minmay_temple_entry_mini_moons,
          minmay_pentomino_pile
D:5:      layout_basic, nicolae_dithmenos_shadow_blocks, serial_shops,
          nicolae_shop_window_shopping
Temple:   compressed_dpeg_triangle_lava_temple

Skill      XL: |  1  2  3  4  5  6 |
---------------+-------------------+-----
Axes           | 2 3 4 |  4.7
Shields        | 4 |  4.6
Dodging        | 1 |  1.4
Fighting       | 4 |  4.2
Armour         | 4 |  4.2

Action                   |  1- 3 |  4- 6 |  7- 9 || total
-------------------------+-------+-------+-------++-------
Melee: War axe           |   112 |   156 |    44 ||   312
  Use: Scroll            |       |    11 |       ||    11
       Potion            |       |     2 |     5 ||     7
Armor: Scale mail        |    31 |       |       ||    31
       Chain mail        |    62 |    98 |    27 ||   187
Dodge: Dodged            |    34 |    35 |     3 ||    72
Block: Kite shield       |    83 |    91 |    15 ||   189

Table legend: (Time is in decaauts)
 A = Elapsed time spent in this place.
 B = Non-inter-level travel time spent in this place.
 C = Inter-level travel time spent in this place.
 D = Time resting spent in this place.
 E = Time spent auto-exploring this place.
 F = Levels seen in this place.
 G = Mean time per level.
                   A        B        C        D        E       F      G
               +--------+--------+--------+--------+--------+-----+--------+
         Total |   5682 |   5666 |     16 |   1308 |   3104 |   6 |  947.0 |
       Dungeon |   5258 |   5242 |     16 |   1308 |   2776 |   5 | 1051.6 |
        Temple |    424 |    424 |      0 |      0 |    328 |   1 |  424.0 |
               +--------+--------+--------+--------+--------+-----+--------+

Top non-repeatable levels by time:
     D:4: 1632 daAuts
     D:3: 1299 daAuts
     D:1: 1162 daAuts
     D:2: 1119 daAuts
  Temple: 424 daAuts
     D:5: 43 daAuts
